[Event "Championnat du monde jeunes U10"]
[Date "2024.11.24"]
[White "Vardanyan, Armen Art."]
[Black "Garcia Tanjala, Marko"]
[WhiteElo "1735"]
[BlackElo "1833"]
[Round "9.33"]
[Result "1-0"]
[TimeControl "5400+30"]

1. d4 Nf6 2. c4 e6 3. Nc3 Bb4 4. Qc2 O-O 5. e4 d6 6. Bg5 e5 7. d5 h6 8. Bh4 Nbd7 9. f3 Nb6 10. a3 Bc5 11. Bd3 c6 12. Nge2 cxd5 13. exd5 Be3 14. Ne4 g5 15. Bf2 Bxf2+ 16. Nxf2 Kg7 17. Ng3 Bd7 18. Nf5+ Bxf5 19. Bxf5 Qc7 20. b3 Qc5 21. Ke2 a5 22. h4 a4 23. hxg5 hxg5 24. Qd2 Rg8 25. Qxg5+ Kf8 26. Qxf6 axb3 27. Nd3 Qc7 28. Rh8 Rxh8 29. Qxh8+ Ke7 30. Qh4+ Ke8 31. Qf6 Qe7 32. Qh8+ Qf8 33. Qxf8+ Kxf8 34. Nb2 Ke7 35. Kd2 Kf6 36. Bh3 Kg5 37. Kc3 Ra5 38. Kxb3 Nxd5 39. cxd5 Rxd5 40. Rd1 Rb5+ 41. Kc2 d5 42. a4 Rc5+ 43. Kb3 d4 44. Kb4 Rc7 45. Nd3 f6 46. Rc1 Re7 47. Rc5 b6 48. Rb5 Rc7 49. Rxb6 Rc3 50. Nc5 f5 51. a5 Rc1 52. Ne6+ Kh4 53. Bxf5 Kg3 54. Be4 Kxg2 55. f4+ Kf2 56. fxe5 Ke3 57. Nc5 1-0

[Variant "Standard"]
[Site "Europe Echecs"]

[Event "Championnat du monde jeunes U10"]
[Date "2024.11.24"]
[White "Guirado Lara, Pablo"]
[Black "Otetileu, Amanbek"]
[WhiteElo "1832"]
[BlackElo "1632"]
[Round "9.34"]
[Result "1-0"]
[TimeControl "5400+30"]

1. e4 c5 2. Nf3 d6 3. c3 Nf6 4. h3 Bd7 5. Bd3 Nc6 6. Bc2 e5 7. O-O Be7 8. d4 cxd4 9. cxd4 Rc8 10. Nc3 h6 11. Be3 a5 12. a3 O-O 13. Qd3 exd4 14. Bxd4 g6 15. Bb3 Be6 16. Bxe6 fxe6 17. e5 dxe5 18. Qxg6+ Kh8 19. Qxh6+ Nh7 20. Bxe5+ Nxe5 21. Nxe5 Rf6 22. Qxf6+ Nxf6 23. Nf7+ Kg7 24. Nxd8 Bxd8 25. Rad1 Be7 26. Rfe1 Bxa3 27. bxa3 Rxc3 28. Rxe6 Rxa3 29. Re7+ Kg6 30.
Rxb7 a4 31. Ra7 Ra2 32. Rd4 Ra1+ 33.
Kh2 a3 34. Rda4 Ra2 35. Rxa3 Rxf2 36.
Rf3 Rxf3 37. gxf3 Kf5 38. Rf7 Kg6 39.
Rxf6+ Kxf6 40. Kg3 Kg5 41. h4+ Kh5 42. Kf4 Kg6 43. Kg4 Kh6 44. Kf5 Kg7 45. f4 Kf7 46. h5 Kg7 47. Ke6 Kg8 48. f5 Kg7 49. Ke7 Kg8 50. f6 Kh8 51. f7 Kh7 52. h6 Kxh6 53. f8=Q+ Kg5 54. Qf3 Kg6 55. Qg4+ Kh7 56. Kf6 Kh8 57. Qg7# 1-0

[Variant "Standard"]
[Site "Europe Echecs"]

[Event "Championnat du monde jeunes U10"]
[Date "2024.11.24"]
[White "Kais, Kristofer"]
[Black "Ivanovic, Leonid"]
[WhiteElo "1723"]
[BlackElo "1990"]
[Round "9.35"]
[Result "0-1"]
[TimeControl "5400+30"]

1. d4 Nf6 2. Bf4 d5 3. e3 c5 4. c3 Nc6 5. Nd2 e6 6. Ngf3 Bd6 7. Ne5 O-O 8. Bd3 Qc7 9. Ndf3 b6 10. O-O Bb7 11. Qe2 Ne4 12. Rad1 f6 13. Nxc6 Bxc6 14. Bxd6 Nxd6 15. Nd2 Rae8 16. e4 cxd4 17. cxd4 dxe4 18. Nxe4 Qd7 19.
Nxd6 Qxd6 20. Be4 Bd5 21. Rfe1 Re7 22. b3 Rc8 23. Rc1 Rec7 24. Rxc7 Rxc7 25. h3 Rc6 26. Bxd5 Qxd5 27. Qe4 Qxe4 28. Rxe4 Rc1+ 29. Kh2 Kf7 30. Re2 Ke7 31. Rd2 Kd6 32. Kg3 Kd5 33. Kf3 b5 34. Ke3 Rc3+ 35. Ke2 a5 36. f3 h5 37. Kf2 a4 38. bxa4 bxa4 39. Ke2 a3 40. Kf2 h4 41. Ke2 g5 42. Kf2 Rc4 43. Ke3 Rc3+ 44. Ke2 f5 45. Kf2 Rc4 46. Ke3 Rb4 47. Rd3 f4+ 48. Ke2 Rb2+ 49. Kf1 Rxa2 50. Rb3 Kc4 51. Rb8 Rb2 52. Rc8+ Kd3 0-1

[Variant "Standard"]
[Site "Europe Echecs"]

[Event "Championnat du monde jeunes U10"]
[Date "2024.11.24"]
[White "Wang, Rocky"]
[Black "Lee, Yugeon"]
[WhiteElo "1853"]
[BlackElo "1690"]
[Round "9.36"]
[Result "1-0"]
[TimeControl "5400+30"]

1. e4 e5 2. Nf3 Nc6 3. Bb5 a6 4. Ba4 Nf6 5. O-O Be7 6. Re1 b5 7. Bb3 O-O 8. c3 Na5 9. Nxe5 Nxb3 10. axb3 Bb7 11. d3 d5 12. exd5 Qxd5 13. Qf3 Rfd8 14. Bf4 Qxf3 15. Nxf3 Rxd3 16. Bxc7 Bxf3 17. gxf3 Bc5 18. b4 Bf8 19. Na3 Rc8 20. Bg3 Rxf3 21. Nc2 Rd3 22. Rxa6 Rd2 23. Nd4 Rxb2 24. Nxb5 Nd5 25. Be5 Re8 26. Raa1 Rb3 27. Rad1 Nb6 28. Bd4 Rxe1+ 29. Rxe1 Nd5 30. Bc5 Bxc5 31. bxc5 g6 32. c6 Rxb5 33. c4 1-0

[Variant "Standard"]
[Site "Europe Echecs"]

[Event "Championnat du monde jeunes U10"]
[Date "2024.11.24"]
[White "Makhsatuly, Rakhim"]
[Black "Nikitakis, Michail"]
[WhiteElo "1683"]
[BlackElo "1818"]
[Round "9.37"]
[Result "0-1"]
[TimeControl "5400+30"]

1. e4 c5 2. Nf3 e6 3. d4 cxd4 4. Nxd4 Nc6 5. g3 d5 6. Nxc6 bxc6 7. Bg2 Ba6 8. Nc3 Qf6 9. Ne2 Bc5 10. O-O Ne7 11. c3 O-O 12. Bd2 Rad8 13. b4 Bb6 14. a4 dxe4 15. Bxe4 Qe5 16. Bf3 Qf5 17. Kg2 e5 18. h3 Rd3 19. Bg4 Qe4+ 20. f3 Qd5 21. b5 Rxd2 22. Qe1 cxb5 23. Rd1 Rxd1 24. Qxd1 Qxd1 25. Rxd1 f5 26. Bh5 g6 27. Rd7 Kf7 28. a5 Ke6 29. Rd1 Bc5 30. Bxg6 hxg6 31. g4 fxg4 32. hxg4 Nd5 33. Rh1 Nf4+ 34. Nxf4+ Rxf4 35. Rh7 Rf7 36. Rxf7 Kxf7 37. Kg3 b4 38. cxb4 Bxb4 39. f4 exf4+ 40. Kxf4 Bxa5 41. Ke5 Bc7+ 42. Kd5 Bb7+ 43. Kc5 a5 44. Kb5 Bc6+ 45. Kxc6 a4 46. Kxc7 a3
47. Kc6 a2 48. g5 a1=Q 49. Kd5 Qa5+ 50.
Kd6 Qxg5 51. Kc6 Qf6+ 52. Kb5 g5 53. Ka5 g4 54. Kb5 g3 55. Ka5
g2 56. Kb5 g1=Q 57. Ka5
Qc5+ 58. Ka4 Qfd4+ 59.
Kb3 Qdb4+ 60. Ka2 Qa7# 0-1

[Variant "Standard"]
[Site "Europe Echecs"]

[Event "Championnat du monde jeunes U10"]
[Date "2024.11.24"]
[White "Kovacs, Balazs"]
[Black "Megagiannis, Maximos"]
[WhiteElo "1800"]
[BlackElo "1682"]
[Round "9.38"]
[Result "1-0"]
[TimeControl "5400+30"]

1. e4 c6 2. d4 d5 3. Nc3 dxe4 4. Nxe4 Nf6 5. Qd3 Nxe4 6. Qxe4 Qd5 7. Qxd5 cxd5 8. Nf3 Bf5 9. c3 Nc6 10. Bb5 a6 11. Ba4 b5 12. Bb3 e6 13. a4 Na5 14. Bd1 b4 15. O-O Rc8 16. Be2 Nb3 17. Bxa6 Ra8 18. Bb5+ Ke7 19. Ra2 Rc8 20. a5 f6 21. a6 Bb1 22. Ra4 Bc2 23. a7 Nxd4 24. a8=Q Rxa8 25. Rxa8 Nxb5 26. cxb4 g5 27. Be3 Be4 28. Rb8 Nd6 29. Ra1 1-0

[Variant "Standard"]
[Site "Europe Echecs"]

[Event "Championnat du monde jeunes U10"]
[Date "2024.11.24"]
[White "Czech, Emil"]
[Black "Guntaka, Aayansh"]
[WhiteElo "1608"]
[BlackElo "1798"]
[Round "9.39"]
[Result "0-1"]
[TimeControl "5400+30"]

1. e4 c5 2. Nc3 g6 3. f4 Nc6 4. Nf3 Bg7 5. a4 e6 6. e5 d6 7. Bb5 d5 8. O-O Ne7 9. d4 cxd4 10. Nxd4 a6 11. Bxc6+ bxc6 12. a5 c5 13. Nb3 c4 14. Nd4 Rb8 15. Qe1 Bd7 16. Rf3 Nc6 17. Nxc6 Bxc6 18. Rg3 Bf8 19. Nd1 Be7 20. Rh3 d4 21. Qg3 Be4 22. c3 Bf5 23. Rh6 Kf8 24. cxd4 Kg7 25. Rh5 h6 26. Rxf5 exf5 27. Qf2 Rb5 28. Bd2 Rd5 29. Be3 Bb4 30. Qc2 Rxa5 31. Rxa5 Qxa5 32. Qxc4 Bd2 33. Qc6 Qa1 34. Qf6+ Kg8 35. Kf2 Qxd1 36. Bxd2 Qxd2+ 37. Kf3 g5 38. Qd8+ Kh7 39. Qd7 g4+ 0-1

[Variant "Standard"]
[Site "Europe Echecs"]

[Event "Championnat du monde jeunes U10"]
[Date "2024.11.24"]
[White "Neuschild, Marius"]
[Black "Mitrovic, Vasilije"]
[WhiteElo "1786"]
[BlackElo "1590"]
[Round "9.40"]
[Result "1-0"]
[TimeControl "5400+30"]

1. e4 e5 2. Nf3 Nc6 3. Bb5 a6 4. Ba4 Nf6 5. Nc3 d6 6. O-O Bg4 7. Bxc6+ bxc6 8. h3 Bh5 9. d3 h6 10. g4 Bg6 11. Ne2 Be7 12. Ng3 h5 13. g5 Nd7 14. Nf5 Rg8 15. Nxe7 Qxe7 16. Nh4 Qe6 17. Kh2 Rh8 18. b3 Nb6 19. Bb2 f5 20. f4 fxe4 21. f5 Bxf5 22. Nxf5 Qd7 23. dxe4 g6 24. Nh4 Rg8 25. Rf6 Qh7 26. Qf3 Rc8 27. Rf1 Qg7 28. Rxg6 Qh7 29. Rxg8+ Qxg8 30. Qxh5+ Kd8 31. Qg6 Qh8 32. Qf6+ Qxf6 33. gxf6 Nd7 34. Ng6 Nxf6 35. Rxf6 Kd7 36. Rf8 Rxf8 37. Nxf8+ Ke7 38. Ng6+ Kf7 39. Nxe5+ dxe5 40. Bxe5 Ke6 41. Bf4 Kd7 42. h4 Kd8 43. h5 Ke7 44. h6 Kf7 45. e5 c5 46. Bg5 Ke6 47. Bf6 Kf7 48. h7 Ke6 49. h8=Q Kd5 50. Qh4 Ke6 51. Kg3 Kd7 52. c4 Kc6 53. Qe4+ Kb6 54. Bd8 Ka5 55. Bxc7+ Kb4 56. Bb6 Ka3 57. Qc2 a5 58. Bxc5# 1-0

[Variant "Standard"]
[Site "Europe Echecs"]

[Event "Championnat du monde jeunes U10"]
[Date "2024.11.24"]
[White "Nguyen Minh"]
[Black "Vedrickas, Vytis"]
[WhiteElo "1760"]
[BlackElo "1642"]
[Round "9.41"]
[Result "1-0"]
[TimeControl "5400+30"]

1. d4 Nf6 2. c4 g6 3. Nf3 Bg7 4. Nc3 d5 5. Bf4 O-O 6. e3 c5 7. dxc5 Qa5 8. Rc1 dxc4 9. Bxc4 Qxc5 10. Bb3 Qa5 11. O-O Nc6 12. h3 Bf5 13. Qe2 Ne4 14. Nd5 Rfd8 15. Bc7 b6 16. Bxd8 Nxd8 17. Nxe7+ Kh8 18. Rfd1 Ne6 19. Nc6 Qc5 20. Rxc5 N6xc5 21. Bxf7 Rf8 22.
Nfe5 Ng5 23. Qc4 Bf6 24. Bd5 Nge4 25.
Bxe4 Nxe4 26. g4 Bxe5 27. Nxe5 Nxf2 28.
gxf5 Nxd1 29. Qd4 Re8 30. Nf7+ Kg8 31.
Nh6+ 1-0

[Variant "Standard"]
[Site "Europe Echecs"]

[Event "Championnat du monde jeunes U10"]
[Date "2024.11.24"]
[White "Iliev, Stoyan"]
[Black "Mikkelsen, Anders Askjaer"]
[WhiteElo "1671"]
[BlackElo "1745"]
[Round "9.42"]
[Result "0-1"]
[TimeControl "5400+30"]

1. e4 e6 2. d4 d5 3. exd5 exd5 4. Nf3 Nf6 5. Bd3 Bd6 6. O-O O-O 7. Bg5 Bg4 8. c3 c6 9. Nbd2 Nbd7 10. Qc2 Qc7 11. Rfe1 Rfe8 12. Rac1 h6 13. Bh4 Bf4 14. Bg3 Nh5 15. Ra1 b5 16. Bf5 Bxf5 17. Qxf5 g6 18. Qd3 a5 19. a3 Kg7 20. b3 Qd6 21. c4 Rxe1+ 22. Rxe1 dxc4 23. bxc4 Nc5 24. Qc3 Na4 25. Bxf4 Nxf4 26. Qb3 Rb8 27. c5 Qd5 28. Qc2 Ne6 29. Re5 Nxd4 30. Rxd5 Nxc2 31. Rd7 Nxc5 32. Rc7 Ne6 33. Rxc6 Nxa3 34. Ra6 a4 35. g3 Nc5 36. Ra7 b4 37. Ne5 Rb7 38. Ra5 Nb3 39. Nxb3 axb3 40. Nd3 Rd7 41. Nb2 Rd2 42. Na4 b2 43. Nxb2 Rxb2 44. Kf1 Rb1+ 45. Ke2 Rb2+ 46. Ke1 Nc2+ 47. Kd1 Nd4 48. Ra4 Kf6 49. Kc1 Rb3 50. Ra5 h5 51. h4 Rc3+ 52. Kb1 Rf3 53. Ra2 Ke5 54. Rd2 Ke4 55. Kb2 Rd3 56. Rxd3 Kxd3 57. f3 Ke3 58. g4 Kxf3 59. gxh5 gxh5 60. Kb1 f5 61. Kb2 f4 62. Ka2 Ke3 63. Kb2 f3 64. Ka2 f2 65. Kb2 f1=Q 66. Ka2 Qe2+ 67. Kb1 Qd1+ 68. Ka2 Qc2+ 69. Ka1 Nb3# 0-1

[Variant "Standard"]
[Site "Europe Echecs"]

[Event "Championnat du monde jeunes U10"]
[Date "2024.11.24"]
[White "Larionov, Serghei"]
[Black "Rama, Federico"]
[WhiteElo "1720"]
[BlackElo "1564"]
[Round "9.43"]
[Result "0-1"]
[TimeControl "5400+30"]

1. d4 Nf6 2. c4 e6 3. Nc3 Bb4 4. e3 b6 5. Bd3 Bb7 6. Nf3 Ne4 7. Qc2 f5 8. a3 Bxc3+ 9. bxc3 O-O 10. O-O d6 11. Nd2 Qh4 12. f3 Ng5 13. a4 Rf6 14. g3 Qg4 15. d5 Qh5 16. h4 Rh6 17. Kg2 Na6 18. dxe6 Nxe6 19. Bxf5 Rf8 20. Bg4 Qxg4 21. e4 Qh5 22. Nb3 Rhf6 23. Nd2 Nac5 24. Ba3 Nd7 25. f4 Rg6 26. Kf2 Nf6 27. Qd3 Ng4+ 28. Ke1 Rgf6 29. Nf3 Ne5 30. Nxe5 dxe5 31. Bxf8 Rxf8 32. fxe5 Rxf1+ 33. Qxf1 Qxe5 34. Kf2 Bxe4 35. Kg1 Qxg3+ 0-1

[Variant "Standard"]
[Site "Europe Echecs"]

[Event "Championnat du monde jeunes U10"]
[Date "2024.11.24"]
[White "Shrubok, Herman"]
[Black "Sahin, Yusuf Kerem"]
[WhiteElo "1477"]
[BlackElo "1720"]
[Round "9.44"]
[Result "1-0"]
[TimeControl "5400+30"]

1. e4 c5 2. Nf3 a6 3. d3 e6 4. g3 b5 5. Bg2 Bb7 6. O-O Nf6 7. Nbd2 d5 8. Qe2 Be7 9. e5 Nfd7 10. Ne1 Nc6 11. f4 Qb6 12. Nef3 O-O-O 13. c4 h5 14. h4 a5 15. b3 Ndb8 16. Bb2 Ba6 17. cxd5 Rxd5 18. Ng5 Rxd3 19. Qxd3 c4+ 20. Bd4 Nxd4 21. bxc4 Nc2+ 22. Kh2 Nxa1 23. Rxa1 Rd8 24. Qe2 Qd4 25. Nb3 Qb6 26. c5 Qc7 27. Nxf7 b4 28. Qxh5 Rd7 29. Nd6+ Bxd6 30. cxd6 Qd8 31. Rc1+ Nc6 32. Bxc6 Kb8 33. Bxd7 Qxd7 34. Nc5 Qb5 35. Nxa6+ Qxa6 36. Qe8+ 1-0

[Variant "Standard"]
[Site "Europe Echecs"]

[Event "Championnat du monde jeunes U10"]
[Date "2024.11.24"]
[White "Yevsieiev, Yaroslav"]
[Black "Burba, Mikita"]
[WhiteElo "1706"]
[BlackElo "1528"]
[Round "9.45"]
[Result "1-0"]
[TimeControl "5400+30"]

1. e4 c5 2. Nf3 Nc6 3. b4 cxb4 4. d4 e6 5. d5 Qf6 6. c3 bxc3 7. dxc6 c2 8. Qxc2 Qxa1 9. e5 bxc6 10. Bc4 Rb8 11. Bb3 Ba6 12. Bb2 Bd3 13. Bxa1 Bxc2 14. Bxc2 Bb4+ 15. Nc3 Ne7 16. O-O O-O 17. Rd1 Nd5 18. Nxd5 cxd5 19. Nd4 f6 20. Ba4 Rb7 21. Nf3 Rc7 22. exf6 gxf6 23. Nd4 a6 24. g3 Kf7 25. Bb2 Rfc8 26. Rd3 Kg6 27. Rf3 Be7 28. Bb3 Rb8 29. Ne2 e5 30. Nc3 Bd8 31. Nxd5 Rc5 32. Nc3 Kg7 33. Rd3 Rc7 34. Ba3 Rbc8 35. Ne4 Kg6 36. Nd6 Rb8 37. Bf7+ Kh6 38. h4 Rb1+ 39. Kg2 Kg7 40. Ne8+ Kxf7 41. Nxc7 Bxc7 42. Rxd7+ Ke6 43.
Rxc7 Ra1 44. Rc6+ Kf5 45. Rxa6 Rxa2 46.
Ra7 h5 47. Bc5 Rc2 48. Be3 Kg6 49. Kf3 Rc4 50. Ra6 Kf5 51. Ra8 Ke6 52. Rh8 f5 53. Rxh5 Rg4 54. Rh6+ Kf7 55. Bg5 Ra4 56. Rf6+ Kg7 57. Rxf5 Ra3+ 58. Ke4 Ra4+ 59. Kxe5 Ra5+ 60. Kf4 Ra3 61.
Re5 Kg6 62. Kg4 Kf7 63. h5 Ra4+ 64. f4 Kg7 65. Re7+ Kg8 66. Rb7 Rc4 67. Kf5 Rc5+ 68. Kg6 Rc6+ 69. Bf6 Rc8 70. h6 Rc7 71. Rb8+ Rc8 72. Rxc8# 1-0

[Variant "Standard"]
[Site "Europe Echecs"]

[Event "Championnat du monde jeunes U10"]
[Date "2024.11.24"]
[White "Gim, Hajin"]
[Black "Tenuun, Tseesuren"]
[WhiteElo "1603"]
[BlackElo "1702"]
[Round "9.46"]
[Result "0-1"]
[TimeControl "5400+30"]

1. e4 e5 2. Nc3 Nc6 3. Bc4 Nf6 4. d3 Na5 5. Nge2 Nxc4 6. dxc4 Be7 7. O-O d6 8. Ng3 Be6 9. Nd5 c6 10. Ne3 d5 11. cxd5 cxd5 12. exd5 Nxd5 13. Nef5 O-O 14. Re1 Bf6 15. Be3 Nxe3 16. Nxe3 Qb6 17. Qf3 Qc6 18. Ne4 Be7 19. Nf5 Bxf5 20. Qxf5 f6 21. Re3 Qc8 22. Qxc8 Raxc8 23. Rc3 f5 24.
Rxc8 Rxc8 25. Nc3 Kf7 26. Kf1 Ke6 27. Ke2 Bb4 28. Kd3 e4+ 29. Kd2 Ke5 30. Re1 Kd4 31. Re3 Bxc3+ 32. bxc3+ Ke5 33. Rg3 Rc7 34. c4 g6 35. Kc3 b5 36. Kd2 Rxc4 37. Ra3 Ra4 38. Rxa4 bxa4 39. Kc3 f4 40. Kc4 g5 41. g3 f3 42. h4 gxh4 43. gxh4 e3 0-1

[Variant "Standard"]
[Site "Europe Echecs"]

[Event "Championnat du monde jeunes U10"]
[Date "2024.11.24"]
[White "DAmato, Raffaele"]
[Black "Chen, Pin-Jui"]
[WhiteElo "1695"]
[BlackElo "1505"]
[Round "9.47"]
[Result "1/2-1/2"]
[TimeControl "5400+30"]

1. d4 d5 2. Nf3 Nf6 3. e3 c6 4. Bd3 Bg4 5. O-O e6 6. Nbd2 Nbd7 7. c3 Bd6 8. e4 dxe4 9. Nxe4 Nxe4 10. Bxe4 Nf6 11. Bd3 O-O 12. h3 Bh5 13. Bg5 h6 14. Bh4 Rc8 15. Re1 c5 16. dxc5 Bxf3 17. Qxf3 Bxc5 18. Rad1 Qe7 19. Bb5 Rfd8 20. Rd3 Rxd3 21. Qxd3 Rd8 22. Qf3 1/2-1/2

[Variant "Standard"]
[Site "Europe Echecs"]

[Event "Championnat du monde jeunes U10"]
[Date "2024.11.24"]
[White "Lenkov, Stanislav"]
[Black "Radiukevich, Viacheslau"]
[WhiteElo "1693"]
[BlackElo "1484"]
[Round "9.48"]
[Result "1/2-1/2"]
[TimeControl "5400+30"]

1. e4 e5 2. Nf3 Nc6 3. Bb5 a6 4. Ba4 Nf6 5. O-O b5 6. Bb3 Be7 7. Re1 O-O 8. a4 Bb7 9. d3 d6 10. Nbd2 Na5 11. Ba2 c5 12. c3 Nc6 13. Nf1 Rb8 14. Ng3 Bc8 15. d4 cxd4 16. cxd4 Bg4 17. Nf5 Bxf5 18. exf5 e4 19. d5 Nb4 20. Nd4 Qb6 21. Be3 Nfxd5 22. Bxd5 Nxd5 23. Qg4 Nxe3 24. Qxe4 1/2-1/2

[Variant "Standard"]
[Site "Europe Echecs"]

[Event "Championnat du monde jeunes U10"]
[Date "2024.11.24"]
[White "Chkhartishvili, Lazare"]
[Black "Popov, Aleksandr And"]
[WhiteElo "1836"]
[BlackElo "1651"]
[Round "9.1"]
[Result "1/2-1/2"]
[TimeControl "5400+30"]

1. e4 e5 2. Nf3 Nc6 3.
d4 exd4 4. Bc4 Nf6 5. e5 d5 6. Bb5 Ne4 7. Nxd4 Bd7 8. Bxc6 bxc6 9. O-O Bc5 10. f3 Ng5 11. f4 Ne4 12. Be3 Bb6 13. a4 a5 14. c3 O-O 15. Nd2 f5 16. Qe2 c5 17. Nxe4 cxd4 18. Nf6+ gxf6 19. cxd4 fxe5 20. fxe5 Be6 21. Rf4 Kh8 22. Raf1 Rg8 23. h3 Qe7 24. Qc2 Rac8 25. Bf2 Rg6 26. Bh4 Qd7 27. Bf6+ Kg8 28. Qb3 Ba7 29. h4 c5 30. h5 Rg4 31. Rxg4+ fxg4 32. Qe3 h6 33. Qxh6 Qh7 34. Qg5+ Kf7 35. Bg7+ Ke8 36. Rf6 Kd7 37. Rxe6 Kxe6 38. Qf6+ Kd7 39. Qd6+ Ke8 40. Qf8+ Kd7 41. Qd6+ Ke8 42. Qe6+ Kd8 43. Qd6+ Ke8 44. Qe6+ Kd8 45. Qd6+ 1/2-1/2

[Variant "Standard"]
[Site "Europe Echecs"]

[Event "Championnat du monde jeunes U10"]
[Date "2024.11.24"]
[White "Mariani, Kim Paul"]
[Black "Bartash, Saveli"]
[WhiteElo "1814"]
[BlackElo "1661"]
[Round "9.2"]
[Result "0-1"]
[TimeControl "5400+30"]

1. e4 c5 2. Nf3 d6 3. Bb5+ Bd7 4. Bxd7+ Nxd7 5. c4 Ngf6 6. Nc3 e5 7. O-O Be7 8. d3 O-O 9. Be3 Rc8 10. Qd2 Qc7 11. Bg5 h6 12. Bxf6 Nxf6 13. Ne1 Rfd8 14. Nc2 a6 15. a4 b6 16. Ne3 Rb8 17. Ned5 Nxd5 18. Nxd5 Qd7 19. b3 Bg5 20. Qc2 a5 21. Qe2 f5 22. Qh5 fxe4 23. dxe4 Qf7 24. Qg4 Rf8 25. h4 Bf6 26. Rad1 Kh7 27. Rd3 Qg6 28. Qxg6+ Kxg6 29. g3 Rfd8 30. Rfd1 Kf7 31. Kg2 Be7 32. h5 Ke6 33. Ne3 Rb7 34. Nf5 Bf8 35. Kf3 Rf7 36. Kg4 Rf6 37. f4 g6 38. hxg6 Rxg6+ 39. Kh5 Rf6 40. Rd5 exf4 41. gxf4 Kf7 42. Rg1 Re8 43. Re1 Rfe6 44. e5 dxe5 45. fxe5 Kg8 46. Re4 Kf7 47. Kg4 Kg6 48. Nh4+ Kf7 49. Kf5 Be7 50. Nf3 Rg8 51. Rf4 Bg5 52. Rd7+ Re7 53. Rxe7+ Kxe7 54. Re4 Rf8+ 55. Kg4 Ke6 56. Ne1 Rd8 57. Re2 Rd1 58. Re4 Rb1 59. Nf3 Rxb3 60. Nxg5+ hxg5 61. Kxg5 Rb4 62. Kf4 Rxa4 63. Ke3 Ra1 64. Kd3 Rd1+ 65. Kc3 Rd4 66. Re1 Rf4 67. Kb3 Rf5 68. Ka4 Rxe5 69. Rb1 Re2 70. Rxb6+ Ke5 71. Rb1 Kd4 72. Rc1 Rb2 73. Kxa5 Rb4 74. Rd1+ Kc3 75. Rh1 Kxc4 76. Rc1+ Kd5 77. Rc2 Rb8 78. Ka4 Kd4 79. Ka3 c4 80. Ka2 Kd3 81. Rh2 Re8 82. Rh1 Kd2 83. Rh2+ Re2 84. Rh3 c3 85. Rh8 c2 86. Rd8+ Kc1 87. Rd5 Re8 88. Rc5 Ra8+ 89. Kb3 Kb1 0-1

[Variant "Standard"]
[Site "Europe Echecs"]

[Event "Championnat du monde jeunes U10"]
[Date "2024.11.24"]
[White "Zhou, Martin"]
[Black "Munoz Padilla, Andres"]
[WhiteElo "1776"]
[BlackElo "1604"]
[Round "9.3"]
[Result "1-0"]
[TimeControl "5400+30"]

1. e4 c5 2. Nc3 Nc6 3. g3 g6 4. Bg2 Bg7 5. d3 d6 6. Be3 e5 7. Nge2 Nd4 8. O-O Ne7 9. f4 O-O 10. Bd2 f5 11. Nxd4 cxd4 12. Ne2 Rb8 13. c3 dxc3 14. Qb3+ Kh8 15. Bxc3 Nc6 16. Rad1 Qe7 17. d4 fxe4 18. fxe5 Bg4 19. Qc2 dxe5 20. Qxe4 Rxf1+ 21. Bxf1 Bf5 22. Qe3 Qd6 23. d5 Ne7 24. Qxa7 Be4 25. Bb4 Qf6 26. Bxe7 Qxe7 27. Qxb8+ Bf8 28. d6 Qf6 29. d7 Qf3 30. Qxf8+ 1-0

[Variant "Standard"]
[Site "Europe Echecs"]

[Event "Championnat du monde jeunes U10"]
[Date "2024.11.24"]
[White "Montaigu Dupont, Arthur"]
[Black "Yrysov, Timur"]
[WhiteElo "1767"]
[BlackElo "1604"]
[Round "9.4"]
[Result "0-1"]
[TimeControl "5400+30"]

1. e4 Nc6 2. d4 e5 3. d5 Nce7 4. Nf3 Ng6 5. c4 Nf6 6. Bd3 Bc5 7. Nc3 O-O 8. O-O d6 9. a3 a6 10. b4 Ba7 11. a4 Nh5 12. Bc2 Nhf4 13. g3 Nh3+ 14. Kg2 Bg4 15. Qd3 f5 16. Bd1 f4 17. c5 dxc5 18. bxc5 Bxc5 19. Ba3 Bxa3 20. Rxa3 fxg3 21. fxg3 Nhf4+ 22. gxf4 Nxf4+ 23. Kg3 Re8 24. Kxg4 Nxd3 25. Rb3 0-1

[Variant "Standard"]
[Site "Europe Echecs"]

[Event "Championnat du monde jeunes U10"]
[Date "2024.11.24"]
[White "Grimm, Jakob"]
[Black "Fattori Dittmar, Luca"]
[WhiteElo "1646"]
[BlackElo "1766"]
[Round "9.5"]
[Result "1/2-1/2"]
[TimeControl "5400+30"]

1. e4 e6 2. d4 d5 3. Nc3 dxe4 4. Nxe4 Nd7 5. Bd3 Ngf6 6. Qe2 Nxe4 7. Bxe4 Nf6 8. Bxb7 Bxb7 9. Qb5+ Nd7 10. Qxb7 Bd6 11. Nf3 O-O 12. O-O c5 13. Rd1 c4 14. Ne5 Nb6 15. Qf3 Qc7 16. Qe2 Rfd8 17. Nf3 Rab8 18. c3 Na4 19. Qc2 Qa5 20. Ng5 g6 21. Ne4 Be7 22. b4 Qb5 23. Bf4 Rbc8 24. Rac1 Nb6 25. Qe2 Nd5 26. Bh6 a5 27. a3 axb4 28. axb4 Ra8 29.
Ra1 Qc6 30. Rxa8 Rxa8 31. Qf3 Ra3 32.
Qg3 Qa8 33. Qe5 Bf8 34. Bxf8 Qxf8 35.
Nf6+ Nxf6 36. Qxf6 Qa8 37. Rc1 Rxc3 38. Qf4 Rxc1+ 39. Qxc1 Qc6 40. Qc3 Qb5 1/2-1/2

[Variant "Standard"]
[Site "Europe Echecs"]

[Event "Championnat du monde jeunes U10"]
[Date "2024.11.24"]
[White "Hochman, Gur"]
[Black "Ostapenko, Volodymyr"]
[WhiteElo "1626"]
[BlackElo "1720"]
[Round "9.6"]
[Result "1-0"]
[TimeControl "5400+30"]

1. e4 e5 2. Nc3 Nf6 3. f4 d6 4. Nf3 Nc6 5. Bb5 Bg4 6. d3 a6 7. Bxc6+ bxc6 8. h3 Bxf3 9. Qxf3 Be7 10. f5 O-O 11. g4 Nd7 12. Qg2 Bh4+ 13. Ke2 f6 14. Bd2 Rb8 15. Rab1 Nb6 16. Be1 Bxe1 17. Rbxe1 d5 18. h4 d4 19. Nd1 c5 20. b3 Qe8 21. g5 Qh5+ 22. Kd2 Kh8 23. Reg1 Rg8 24. g6 h6 25. Rh3 Nc8 26. Rgh1 Nd6 27. Rg3 Nb5 28. Rg5 fxg5 29. hxg5 Qxh1 30. Qxh1 Rge8 31. gxh6 Rf8 32. hxg7+ Kxg7 33.
Qh7+ Kf6 34. g7 Rg8 35. Qg6+ Ke7 36.
Qe6+ 1-0

[Variant "Standard"]
[Site "Europe Echecs"]

[Event "Championnat du monde jeunes U10"]
[Date "2024.11.24"]
[White "Ismailov, Omarbek"]
[Black "Schettini Acuna, Massimo Matteo"]
[WhiteElo "1625"]
[BlackElo "1703"]
[Round "9.7"]
[Result "1-0"]
[TimeControl "5400+30"]

1. d4 d5 2. Bf4 Nf6 3. e3 e6 4. Nf3 Bd6 5. Bg3 c5 6. c3 Qc7 7. Nbd2 O-O 8. Bd3 Nbd7 9. O-O Bxg3 10. hxg3 e5 11. Nxe5 Nxe5 12. dxe5 Qxe5 13. Nf3 Qe7 14. c4 Rd8 15. Qc2 h6 16. Rad1 Bg4 17. cxd5 Nxd5 18. Bh7+ Kh8 19. Qe4 Be6 20. Bf5 Nf6 21. Qe5 Nd7 22. Qe4 Nf6 23. Qc2 Bd5 24. Nd2 g6 25. Bh3 b6 26. Rfe1 Re8 27. e4 Be6 28. e5 Nd5 29. Bxe6 Qxe6 30. Ne4 Nb4 31. Qd2 Rad8 32. Qxh6+ Kg8 33. Nf6+ Qxf6 34. exf6 Rxe1+ 35. Rxe1 Rd1 36. Qg7# 1-0

[Variant "Standard"]
[Site "Europe Echecs"]

[Event "Championnat du monde jeunes U10"]
[Date "2024.11.24"]
[White "Hung, I-Hsuan"]
[Black "Yao, Lucas Mason Pin Qian"]
[WhiteElo "1608"]
[BlackElo "1687"]
[Round "9.8"]
[Result "0-1"]
[TimeControl "5400+30"]

1. e4 d5 2. exd5 Qxd5 3. Nc3 Qa5 4. Bc4 Nf6 5. d3 c6 6. Bd2 Qc7 7. Qe2 Bf5 8. h3 Nbd7 9. g4 Bg6 10. f4 h6 11. Nf3 Bh7 12. O-O-O Bg8 13. Qf2 Nb6 14. Bb3 O-O-O 15. Ne5 e6 16. Nc4 Nfd7 17. Nxb6+ axb6 18. Ne4 b5 19. a3 Be7 20. Bc3 Bf8 21. h4 c5 22. Ba2 f5 23. gxf5 exf5 24. Bxg8 Rxg8 25. Ng3 g6 26. h5 Bd6 27. Bd2 Rdf8 28. Rde1 g5 29. Ne2 Nf6 30. fxg5 Ng4 31. Qf3 hxg5 32. h6 Nh2 33. Qh5 g4 34. Bc3 Rf7 35. h7 Rxh7 36. Qxf5+ Qd7 37. Qxd7+ Kxd7 38. Bd2 g3 39. Bf4 Bxf4+ 40. Nxf4 g2 41. Rhg1 Nf3 42. Rxg2 Rxg2 43. Nxg2 Nxe1 44. Nxe1 Rh2 45. Nf3 Rg2 46. Nh4 Rf2 47. b3 Ke6 48. Ng6 b6 49. b4 c4 50. dxc4 bxc4 51. a4 c3 52. Kb1 Kf6 53. Nf8 Rd2 54. Ka2 Rd8 55. Nh7+ Kg6 56. Kb3 Rc8 57. Nf8+ Rxf8 58. Kxc3 Rc8+ 59. Kb3 Kf5 60. a5 b5 61. a6 Ke5 0-1

[Variant "Standard"]
[Site "Europe Echecs"]

[Event "Championnat du monde jeunes U10"]
[Date "2024.11.24"]
[White "Friscic, Jakov"]
[Black "Wu, Chenyu"]
[WhiteElo "1685"]
[BlackElo "1503"]
[Round "9.9"]
[Result "1/2-1/2"]
[TimeControl "5400+30"]

1. d4 d5 2. c4 e6 3. Nc3 Nf6 4. cxd5 exd5 5. Bg5 Nbd7 6. Qc2 Be7 7. e3 h6 8. Bh4 O-O 9. Bd3 c6 10. Nge2 Re8 11. O-O Ne4 12. Bxe7 Qxe7 13. Nxe4 dxe4 14. Bc4 Nb6 15. Rac1 Nxc4 16. Qxc4 Be6 17. Qa4 Bg4 18. Ng3 Qh4 19. Qb3 Re7 20. d5 cxd5 21. Qxd5 Rae8 22. Nf5 Bxf5 23. Qxf5 Re5 24. Qd7 R5e7 25. Qd5 Qf6 26. Rc2 Qb6 27. Rfc1 Rd8 28. Rc8 Ree8 29. Rxd8 Rxd8 30. Qe5 Qc6 31. Rf1 Qc2 32. Qb5 Rd1 33. Rxd1 Qxd1+ 34. Qf1 Qc2 35. Qa1 a5 36. b3 b5 37. g3 b4 38. Kg2 Kh7 39. h4 Kg8 40. Kg1 1/2-1/2

[Variant "Standard"]
[Site "Europe Echecs"]